 Dungeon Crawl Stone Soup version 0.21-a0-504-g2eda330 (webtiles) character file.

9 4thArraOfDagon the Firebug (level 2, -4/19 HPs)
             Began as a Barachi Fire Elementalist on Nov 25, 2017.
             Killed from afar by a rime drake (21 damage)
             ... with a flash freeze
             ... on level 1 of the Lair of Beasts.
             The game lasted 00:02:14 (304 turns).

4thArraOfDagon the Firebug (BaFE)                    Turns: 304, Time: 00:02:15

Health: -4/19      AC:  2    Str:  9    XL:     2   Next: 12%
Magic:  4/5        EV: 12    Int: 15    God:
Gold:   53         SH:  0    Dex: 12    Spells: 4/5 levels left

rFire    . . .     SeeInvis .   f - +0 short sword
rCold    . . .     Gourm    .   (no shield)
rNeg     . . .     Faith    .   a - +0 robe
rPois    .         Spirit   .   (no helmet)
rElec    .         Reflect  .   (no cloak)
rCorr    .         Harm     .   (no gloves)
MR       .....                  (no boots)
Stlth    ++........             (no amulet)
HPRegen  0.06/turn              (no ring)
MPRegen  0.09/turn              (no ring)

@: can't hop, slow
A: +LOS, swims, slowness 1, strong legs 1
a: Hop


You were on level 1 of the Lair of Beasts.
You were not hungry.

You visited 2 branches of the dungeon, and saw 7 of its levels.

You collected 53 gold pieces.

Inventory:

Hand Weapons
 f - a +0 short sword (weapon)
Armour
 a - a +0 robe (worn)
Wands
 g - a wand of enslavement (15)
Scrolls
 h - 2 scrolls of fear
Potions
 d - a potion of invisibility {unknown}
 e - a potion of might {unknown}
Books
 b - a book of Flames

   Spells                             Type                      Level
   a - Flame Tongue                   Conjuration/Fire             1
   b - Throw Flame                    Conjuration/Fire             2
   c - Conjure Flame                  Conjuration/Fire             3
   d - Inner Flame                    Hexes/Fire                   3
   e - Sticky Flame                   Conjuration/Fire             4
   f - Fireball                       Conjuration/Fire             5
Comestibles
 c - a bread ration


   Skills:
 - Level 2.1 Dodging
 - Level 1.7 Stealth
 + Level 2.3 Spellcasting
 * Level 1.6 Conjurations
 * Level 3.5 Fire Magic


You had 4 spell levels left.
You knew the following spells:

 Your Spells              Type           Power        Failure   Level  Hunger
a - Flame Tongue          Conj/Fire      #....        8%          1    #......


Dungeon Overview and Level Annotations

Branches:
Dungeon (8/15)               Lair (1/6) D:8
 Temple: D:4-7

Altars:

Annotations:
D:3 Ijyb
D:6 Menkaure


Innate Abilities, Weirdness & Mutations

Shadows flee at your approach. (+LOS)
You can swim through water.
You cover ground slowly.
You can hop short distances.


Message History

You see here a ring mail.
Found a stone staircase leading up.
There is a staircase to the Lair here.
Unknown command.
Found 2 gold pieces.
Unknown command.
There is a staircase to the Lair here.
Unknown command.
You climb downwards.
Welcome to the Lair of Beasts!
There is a staircase back to the Dungeon here.
Unknown command.
Your magical contamination has completely faded away.
Okay, then.
Okay, then.
A rime drake comes into view.
The rime drake hisses angrily.
The rime drake breathes ice at you. The flash freeze hits you!
Ouch! That really hurt!
You die...

#.. #.. #..
#.. # #.# ##.#
#.# ... #.##
### k. #..#
###.#.# ##<#
#..@.# #..##
#.###.#
##..########.#
..
#...........#
P#
##########.##
# ###


You could see a rime drake.

Vanquished Creatures
  A giant cockroach (D:8)
  A goblin (D:3)
  2 hobgoblins (D:1)
  A kobold (D:2)
  A bat (D:2)
  A frilled lizard (D:2)
7 creatures vanquished.

Vanquished Creatures (collateral kills)
  A hobgoblin (D:3)
1 creature vanquished.

Grand Total: 8 creatures vanquished

Notes
Turn   | Place    | Note
-------+----------+-------------------------------------------
     0 | D:1      | 4thArraOfDagon the Barachi Fire Elementalist began the quest for the Orb.
     0 | D:1      | Reached XP level 1. HP: 13/13 MP: 3/3
   180 | D:3      | Noticed Ijyb
   216 | D:3      | Reached XP level 2. HP: 13/19 MP: 0/5
   242 | D:3      | You fall through a shaft for 3 floors!
   242 | D:6      | Noticed a black bear
   244 | D:6      | Noticed Menkaure
   244 | D:6      | Noticed a centaur
   249 | D:7      | Noticed an orc warrior
   272 | D:8      | Found a staircase to the Lair.
   290 | Lair:1   | Entered Level 1 of the Lair of Beasts
   295 | Lair:1   | Thaneod: soon d:15:P
   304 | Lair:1   | Noticed a rime drake
   304 | Lair:1   | Killed from afar by a rime drake

Vault maps used:
D:1:      minmay_arrival_stair_chambers, glass_columns_a, minmay_misc_feat_rows
D:2:      grunt_temple_overflow_cloverleaf, okawaru_altar_gauntlet_db,
          uniq_crazy_yiuf_cottage
D:3:      grunt_qazlal_sundering, tso_altar, uniq_robin, uniq_ijyb
D:6:      kb_lookout_dungeons_type, trog_ov_bears_minmay, uniq_menkaure
D:7:      nicolae_ru_sacrificial_ziggurat
D:8:      nemelex_xobeh_ov_fountains_minmay, lair_entry_dummy,
          nicolae_ossuary_entry_plus
Lair:1:   beast_lair_carwin_2

Action                   || total
-------------------------++-------
Melee: Short sword       ||     9
 Cast: Flame Tongue      ||    16
 Abil: Hop               ||     2
Evoke: Wand              ||     4
  Use: Scroll            ||     1
Armor: Robe              ||     6
Dodge: Dodged            ||    13

Table legend:
 A = Spawn XP
 B = Non-spawn XP
 C = Spawn XP percentage of total XP
 D = Spawn monster count
 E = Non-spawn monster count
 F = Spawn count percentage of total count
 G = Total turns spent on level
                    A         B        C        D         E        F      G
               +---------+---------+-------+---------+---------+-------+---------
         Total |       0 |      13 |   0.0 |       0 |       8 |   0.0 |   304
               +---------+---------+-------+---------+---------+-------+---------
           D:1 |       0 |       4 |   0.0 |       0 |       2 |   0.0 |    93
           D:2 |       0 |       4 |   0.0 |       0 |       3 |   0.0 |    51
           D:3 |       0 |       3 |   0.0 |       0 |       2 |   0.0 |    98
           D:8 |       0 |       2 |   0.0 |       0 |       1 |   0.0 |    33
               +---------+---------+-------+---------+---------+-------+---------
